 Dungeon Sprint DCSS version 0.20-a0-11-ga97c7b5 (webtiles) character file.

24633 poirepourri the Ninja (level 12, -1/60 HPs)
             Began as a Spriggan Enchanter on Nov 2, 2016.
             Was the Champion of Dithmenos.
             Killed from afar by an oklob plant (9 damage)
             ... with a splash of acid
             ... in the Dungeon (Sprint I: "Red Sonja").
             The game lasted 00:14:10 (4077 turns).

poirepourri the Ninja (Spriggan Enchanter)          Turns: 4077, Time: 00:14:11

Health: -1/60      AC:  8    Str:  2 (4)  XL:     12   Next: 82%
Magic:  10/30      EV: 33    Int: 14      God:    Dithmenos [******]
Gold:   1421       SH:  3    Dex: 18      Spells: 6 memorised, 27 levels left

rFire  + . .     SeeInvis +     a - +2 short sword (venom)
rCold  + + .     Gourm    .     k - +1 robe {rC+}
rNeg   . . .     Faith    .     (shield restricted)
rPois  .         Spirit   .     s - +2 hat
rElec  .         Reflect  +     r - +2 cloak
rCorr  .         Harm     .     (gloves unavailable)
MR     ++...     Rnd*Rage +     (boots unavailable)
Stlth  ++++++++++ NoTele   +    t - +3 amulet of reflection
                                p - ring "Toruw" {rC+ EV+4}
                                v - ring of protection from fire

@: wreathed by umbra, very quick
A: unfitting armour, see invisible, berserk 1, clumsy 1, dopey 2, herbivore 3,
speed 3, low mp 1, screaming 1, slow metabolism 2, no device heal 1, subdued
magic 1, MP-powered wands
a: Shadow Step, Shadow Form, Renounce Religion


You were in the Dungeon.
You worshipped Dithmenos.
Dithmenos was exalted by your worship.
You were full.

You visited 1 branch You collected 3671 gold pieces.
You spent 2250 gold pieces at shops.

Inventory:

Hand Weapons
 a - a +2 short sword of venom (weapon)
 b - a +0 blowgun
Missiles
 m - 4 curare-tipped needles
Armour
 k - a +1 robe of cold resistance (worn)
 n - a +0 buckler
 r - a +2 cloak (worn)
 s - a +2 hat (worn)
Jewellery
 f - an uncursed ring of poison resistance
 p - the ring "Toruw" (right hand) {rC+ EV+4}
   (You bought it in a shop in the Dungeon)

   [ring of evasion]

   It affects your evasion (+4).
   It protects you from cold.
 t - a +3 amulet of reflection (around neck)
 v - a ring of protection from fire (left hand)
Wands
 i - a wand of digging (15/24)
Scrolls
 z - a scroll of amnesia
Potions
 e - 3 potions of curing
 h - a potion of magic
 j - a potion of heal wounds
 l - a potion of lignification
Books
 c - a book of Maledictions

   Spells                             Type                      Level
   a - Corona                         Hexes                        1
   b - Ensorcelled Hibernation        Hexes/Ice                    2
   c - Confuse                        Hexes                        3
   d - Tukima's Dance                 Hexes                        3
   e - Dazzling Spray                 Conjuration/Hexes            3
 o - a book of Conjurations

   Spells                             Type                      Level
   a - Magic Dart                     Conjuration                  1
   b - Searing Ray                    Conjuration                  2
   c - Dazzling Spray                 Conjuration/Hexes            3
   d - Fulminant Prism                Conjuration/Hexes            4
   e - Iskenderun's Mystic Blast      Conjuration                  4
   f - Iskenderun's Battlesphere      Conjuration/Charms           5
Comestibles
 d - 3 bread rations
 q - 2 slices of pizza


   Skills:
 + Level 5.2 Fighting
 + Level 10.6 Short Blades
 + Level 12.1 Dodging
 O Level 27 Stealth
 * Level 6.1 Shields
 + Level 16.4 Spellcasting
 + Level 2.2 Conjurations
 + Level 18.5 Hexes
 - Level 3.3 Ice Magic
 + Level 1.9 Invocations


You had 27 spell levels left.
You knew the following spells:

 Your Spells              Type           Power        Failure   Level  Hunger
a - Corona                Hex            #####..      0%          1    None
b - Ensorcelled Hibernat  Hex/Ice        ####..       1%          2    None
c - Confuse               Hex            #####...     0%          3    None
d - Tukima's Dance        Hex            #####...     0%          3    None
e - Dazzling Spray        Conj/Hex       ####..       1%          3    None
f - Iskenderun's Mystic   Conj           ##......     21%         4    #......


Dungeon Overview and Level Annotations

Branches:
Dungeon (1/1)

Altars:
Cheibriados
Dithmenos
Elyvilon
Fedhas
Gozag
Hepliaklqana
Kikubaaqudgha
Makhleb
Nemelex Xobeh
Okawaru
Qazlal
Ru
Sif Muna
Trog
Uskayaw
Vehumet
Xom
Yredelemnul
Zin
The Shining One
Jiyva
Lugonu

Shops:
D (}?%!==**}}:%*=[([([=[

Annotations:
D exclusion: oklob plant


Innate Abilities, Weirdness & Mutations

You are very small and have problems with some larger weapons.
You are too small for most types of armour.
You have supernaturally acute eyesight. (SInv)
You are a herbivore.
You cover ground extremely quickly.
You need consume almost no food.
You tend to lose your temper in combat.
You are clumsy. (Dex -2)
You are very dopey. (Int -4)
Your magical capacity is low. (-10% MP)
You occasionally shout uncontrollably at your foes.
Potions and wands are less effective at restoring your health.
Your spells are a little easier to cast, but a little less powerful.
You expend magic power (3 MP) to strengthen your wands.


Message History

The oklob plant is heavily damaged.
Your shadow mimicks your spell!
The shadow shard hits the oklob plant.
The oklob plant spits acid at you. The splash of acid hits you!
* * * LOW HITPOINT WARNING * * *
You are splashed with acid!
The acid burns!
* * * LOW HITPOINT WARNING * * *
Casting: Dazzling Spray
Confirm with . or Enter, or press ? or * to list all spells.
Aiming: Dazzling Spray
Press: ? - help, Shift-Dir - straight line, f/p - oklob plant
Aim: an oklob plant (black smoke, heavily damaged, umbra)
The spray of energy hits the oklob plant.
The oklob plant is heavily damaged.
Your shadow mimicks your spell!
The shadow shard hits the oklob plant.
The oklob plant spits acid at you. The splash of acid hits you!
You die...

#.####.§§§§##.§'§§#§§.§##,,,,,,,,
#§#.###§§.#######§#§§§§§#####,,,,
'.#'#.###+#):$##..#.§.§§#...#,,,,
###^.)..#§##$$$#..##§.§§#)∩.#,,,,
..#...###§§###$#..≈###'##...#,,,,
^§+.....##§#A#.#.)≈.)#§####'#,,,,
§^#^....#..###.#..≈.##§#.§..##,,,
^§###++##.##...#.§≈##.^§§§§§§##,,
§###..###..#+###@§§#..§.§§§§.§#,,
§####..###...#P§§§##^.§§§.§...##,
'#§.#§.#.###.#.§§§#......:.....#,
.#....§....#.###..#.....}†.....#,
##§..§.....#.#,'..##...^^^.^..##,
.'......####+#,##'##..........#,,
###...###,,,,*,*≈≈≈##........##,,
,,#####,,,****,*≈≈≈≈##).....##,,,
,,,,,,,,***,,,,*≈≈≈≈≈########,,,,


You could see an oklob plant.

Vanquished Creatures
  A golden dragon (D)
  A shadow dragon (D)
  A lorocyproca (D)
  A deep elf annihilator (D)
  A mummy priest (D)
  A hydra (D)
  2 centaur warriors (D)
  Sonja (D)
  7 unseen horrors (D)
  A deep troll (D)
  A lindwurm (D)
  8 shining eyes (D)
  An oklob plant (D)
  A siren (D)
  A gargoyle (D)
  2 kobold demonologists (D)
  4 demonic crawlers (D)
  A hellwing (D)
  A meliai (D)
  2 hornets (D)
  A slime creature (D)
  2 redbacks (D)
  Sigmund (D)
  A yak (D)
  13 hogs (D)
  7 floating eyes (D)
  7 necrophages (D)
  An ogre (D)
  8 jellies (D)
  Ijyb (D)
  5 ballistomycetes (D)
  A ballistomycete spore (D)
87 creatures vanquished.

Vanquished Creatures (others)
  A siren (D)
  A gargoyle (D)
  3 hornets (D)
  A ballistomycete spore (D)
6 creatures vanquished.

Grand Total: 93 creatures vanquished

Notes
Turn   | Place    | Note
-------+----------+-------------------------------------------
     0 | D        | poirepourri the Spriggan Enchanter began the quest for the Orb.
     0 | D        | Reached XP level 1. HP: 9/9 MP: 5/5
     1 | D        | Noticed Ijyb
    12 | D        | Killed Ijyb
    12 | D        | Reached skill level 6 in Stealth
    12 | D        | Reached skill level 5 in Hexes
    12 | D        | Reached XP level 2. HP: 1/13 MP: 4/7
   282 | D        | Learned a level 2 spell: Ensorcelled Hibernation
   286 | D        | Noticed an ogre
   289 | D        | Killed an ogre
   289 | D        | Reached skill level 5 in Dodging
   289 | D        | Reached skill level 9 in Stealth
   289 | D        | Reached XP level 3. HP: 16/16 MP: 8/10
   289 | D        | Reached XP level 4. HP: 21/21 MP: 8/11
   318 | D        | Noticed Sigmund
   321 | D        | Killed Sigmund
   321 | D        | Reached skill level 11 in Stealth
   321 | D        | Reached skill level 5 in Spellcasting
   321 | D        | Reached XP level 5. HP: 24/24 MP: 12/14
   334 | D        | Found a deep blue altar of Sif Muna.
   340 | D        | Found a radiant altar of Vehumet.
   344 | D        | Reached skill level 10 in Hexes
   344 | D        | Reached XP level 6. HP: 28/28 MP: 15/15
   371 | D        | Found Caoddola's Food Emporium.
   371 | D        | Found an ancient bone altar of Kikubaaqudgha.
   371 | D        | Found a hazy altar of Hepliaklqana.
   371 | D        | Found a stormy altar of Qazlal.
   371 | D        | Found a hide-covered altar of Uskayaw.
   371 | D        | Found a blossoming altar of Fedhas.
   371 | D        | Found a bloodstained altar of Trog.
   371 | D        | Found an iron altar of Okawaru.
   371 | D        | Found a basalt altar of Yredelemnul.
   371 | D        | Found a glowing golden altar of the Shining One.
   371 | D        | Found a snail-covered altar of Cheibriados.
   371 | D        | Found a sacrificial altar of Ru.
   371 | D        | Found a glowing silver altar of Zin.
   371 | D        | Found a shadowy altar of Dithmenos.
   371 | D        | Found a white marble altar of Elyvilon.
   371 | D        | Noticed a yak
   372 | D        | Found an opulent altar of Gozag.
   377 | D        | Killed a yak
   377 | D        | Reached skill level 13 in Stealth
   395 | D        | Found a sparkling altar of Nemelex Xobeh.
   403 | D        | Became a worshipper of Dithmenos the Shadowed
   421 | D        | Found a burning altar of Makhleb.
   421 | D        | Found a viscous altar of Jiyva.
   421 | D        | Found a shimmering altar of Xom.
   421 | D        | Found a corrupted altar of Lugonu.
   421 | D        | Noticed a slime creature
   424 | D        | Killed a slime creature
   424 | D        | Reached skill level 14 in Stealth
   424 | D        | Reached XP level 7. HP: 32/32 MP: 18/18
   450 | D        | Noticed Sonja
   453 | D        | Killed Sonja
   453 | D        | Reached skill level 15 in Stealth
   453 | D        | Reached skill level 1 in Ice Magic
   453 | D        | Reached XP level 8. HP: 36/37 MP: 14/20
   571 | D        | Found Usmiudau's Antique Weapon Boutique.
   613 | D        | Noticed a deep troll
   621 | D        | Killed a deep troll
   621 | D        | Reached * piety under Dithmenos
   621 | D        | Reached skill level 1 in Fighting
   621 | D        | Reached skill level 5 in Short Blades
   621 | D        | Reached skill level 17 in Stealth
   632 | D        | Found Pyroytot's Armour Emporium.
   639 | D        | Bought a +1 robe of cold resistance for 152 gold pieces
   639 | D        | Bought a +0 buckler for 54 gold pieces
   639 | D        | Bought a +0 cloak for 54 gold pieces
   704 | D        | Noticed a centaur warrior
   704 | D        | Noticed a centaur warrior
   707 | D        | Killed a centaur warrior
   707 | D        | Reached skill level 18 in Stealth
   707 | D        | Reached XP level 9. HP: 41/41 MP: 21/23
   712 | D        | Killed a centaur warrior
   712 | D        | Reached skill level 10 in Dodging
   712 | D        | Reached skill level 19 in Stealth
   712 | D        | Reached skill level 15 in Hexes
   807 | D        | Reached ** piety under Dithmenos
   818 | D        | Noticed an oklob plant
   820 | D        | Killed an oklob plant
   820 | D        | Reached skill level 10 in Spellcasting
   832 | D        | Reached skill level 20 in Stealth
   847 | D        | Noticed an unseen horror
   848 | D        | Noticed an unseen horror
   854 | D        | Killed an unseen horror
   854 | D        | Reached *** piety under Dithmenos
   854 | D        | Reached XP level 10. HP: 46/46 MP: 25/25
   856 | D        | Killed an unseen horror
   856 | D        | Reached skill level 21 in Stealth
   879 | D        | Reached **** piety under Dithmenos
   915 | D        | Reached ***** piety under Dithmenos
   986 | D        | Learned a level 3 spell: Confuse
  1075 | D        | Learned a level 3 spell: Tukima's Dance
  1079 | D        | Learned a level 3 spell: Dazzling Spray
  1257 | D        | Found Zeofan's Armour Boutique.
  1257 | D        | Found Ogeomodgh's Weapon Emporium.
  1259 | D        | Found Suana's Jewellery Emporium.
  1274 | D        | Reached skill level 22 in Stealth
  1361 | D        | Found Dusekeke's General Store.
  1361 | D        | Found Vyprogh's Jewellery Shop.
  1361 | D        | Found Rohuvaox's General Store.
  1363 | D        | Found Xerecin's Gadget Emporium.
  1363 | D        | Found Cewoarinia's Gadget Shop.
  1363 | D        | Found Nigaah's Book Shoppe.
  1363 | D        | Found Doycsif's Food Boutique.
  1363 | D        | Found Epleitob's Assorted Antiques.
  1363 | D        | Found Xucw's Jewellery Shop.
  1363 | D        | Found Vouqo's Antique Armour Shoppe.
  1365 | D        | Bought the ring "Toruw" {rC+ EV+4} for 550 gold pieces
  1366 | D        | Bought a scroll of identify for 20 gold pieces
  1367 | D        | Found Kual's Weapon Boutique.
  1542 | D        | Reached ****** piety under Dithmenos
  1571 | D        | Reached skill level 1 in Conjurations
  1586 | D        | Noticed a gargoyle
  1600 | D        | Noticed a lindwurm
  1602 | D        | Killed a lindwurm
  1602 | D        | Reached skill level 23 in Stealth
  1602 | D        | Reached XP level 11. HP: 49/49 MP: 26/28
  1656 | D        | Reached skill level 24 in Stealth
  1900 | D        | Noticed a daeva
  1904 | D        | Noticed an unseen horror
  1904 | D        | Noticed an unseen horror
  1904 | D        | Noticed an unseen horror
  1904 | D        | Noticed an unseen horror
  1906 | D        | Killed an unseen horror
  1907 | D        | Noticed an unseen horror
  1911 | D        | Killed an unseen horror
  1914 | D        | Killed an unseen horror
  1916 | D        | Killed an unseen horror
  1918 | D        | Killed an unseen horror
  1918 | D        | Reached skill level 25 in Stealth
  2313 | D        | Bought an uncursed ring of poison resistance for 200 gold pieces
  2319 | D        | Bought a slice of pizza for 16 gold pieces
  2319 | D        | Bought a slice of pizza for 16 gold pieces
  2496 | D        | Noticed a lorocyproca
  2498 | D        | Killed a lorocyproca
  2767 | D        | Bought a glowing cloak for 273 gold pieces
  2770 | D        | Bought a +2 hat for 160 gold pieces
  2771 | D        | Bought a +3 amulet of reflection for 250 gold pieces
  2783 | D        | Bought a scroll of summoning for 95 gold pieces
  2784 | D        | Bought an uncursed ring of protection from fire for 275 gold pieces
  2889 | D        | Noticed a shining eye
  2889 | D        | Noticed a shining eye
  2889 | D        | Noticed a shining eye
  2890 | D        | Noticed a shining eye
  2890 | D        | Noticed a shining eye
  2890 | D        | Noticed a shining eye
  2890 | D        | Noticed a shining eye
  2890 | D        | Noticed a shining eye
  2891 | D        | Killed a shining eye
  2892 | D        | Killed a shining eye
  2892 | D        | Reached skill level 1 in Shields
  2894 | D        | Killed a shining eye
  2896 | D        | Killed a shining eye
  2896 | D        | Reached skill level 26 in Stealth
  2896 | D        | Reached skill level 1 in Invocations
  2898 | D        | Killed a shining eye
  2898 | D        | Reached XP level 12. HP: 58/58 MP: 18/31
  2898 | D        | Gained mutation: You possess an exceptional clarity of mind. [a shining eye]
  2901 | D        | Gained mutation: You are dopey. (Int -2) [a shining eye]
  2901 | D        | Paralysed by a floating eye for 3 turns
  2904 | D        | Lost mutation: You possess an exceptional clarity of mind. [a shining eye]
  2905 | D        | Gained mutation: You are clumsy. (Dex -2) [a shining eye]
  2907 | D        | Paralysed by a floating eye for 3 turns
  2907 | D        | Gained mutation: Your magical capacity is low. (-10% MP) [a shining eye]
  2911 | D        | Gained mutation: Potions and wands are less effective at restoring your health. [a shining eye]
  2913 | D        | Gained mutation: You expend magic power (3 MP) to strengthen your wands. [a shining eye]
  2915 | D        | Paralysed by a floating eye for 2 turns
  2926 | D        | Paralysed by a floating eye for 2 turns
  2928 | D        | Gained mutation: You occasionally shout uncontrollably at your foes. [a shining eye]
  2928 | D        | Gained mutation: You are very dopey. (Int -4) [a shining eye]
  2932 | D        | Gained mutation: You tend to lose your temper in combat. [a shining eye]
  2936 | D        | Paralysed by a floating eye for 2 turns
  2936 | D        | Gained mutation: Your spells are a little easier to cast, but a little less powerful. [a shining eye]
  2942 | D        | Paralysed by a floating eye for 2 turns
  2947 | D        | Paralysed by a floating eye for 3 turns
  3134 | D        | Found Eloleniu's Gadget Shoppe.
  3134 | D        | Found Gopuahi's Jewellery Boutique.
  3134 | D        | Found Yfroam's Magic Scroll Emporium.
  3135 | D        | Found Naoheso's Distillery.
  3159 | D        | Bought a potion of heal wounds for 65 gold pieces
  3189 | D        | Bought a bread ration for 70 gold pieces
  3328 | D        | Noticed a 12-headed hydra
  3332 | D        | Killed a 12-headed hydra
  3410 | D        | Learned a level 4 spell: Iskenderun's Mystic Blast
  3410 | D        | Noticed a shadow dragon
  3410 | D        | Noticed a golden dragon
  3413 | D        | Killed a golden dragon
  3413 | D        | Reached skill level 10 in Short Blades
  3413 | D        | Reached skill level 15 in Spellcasting
  3415 | D        | Killed a shadow dragon
  3415 | D        | Reached skill level 5 in Fighting
  3415 | D        | Reached skill level 27 in Stealth
  3415 | D        | Reached skill level 5 in Shields
  3490 | D        | Found Bamim's Antique Armour Shoppe.
  3547 | D        | Noticed a deep elf annihilator
  3552 | D        | Paralysed by a hornet for 1 turns
  3560 | D        | Noticed a mummy priest
  3759 | D        | Killed a deep elf annihilator
  3878 | D        | Killed a mummy priest
  4077 | D        | Killed from afar by an oklob plant

Vault maps used:
D:        dungeon_sprint_1

Skill      XL: |  1  2  3  4  5  6  7  8  9 10 11 12 |
---------------+-------------------------------------+-----
Dodging        | 4 5 6 7 8 9 10 11 12 | 12.1
Stealth        | 6 9 11 14 15 18 20 23 26 27 | 27.0
Spellcasting   | 3 4 5 6 7 9 10 12 14 16 | 16.4
Hexes          | 5 7 9 10 11 13 14 15 16 17 18 | 18.5
Short Blades   | 3 4 5 6 8 9 10 | 10.6
Ice Magic      | 1 2 3 |  3.3
Fighting       | 1 2 3 4 5 |  5.2
Conjurations   | 1 2 |  2.2
Shields        | 2 6 |  6.1
Invocations    | 1 |  1.9

Action                   |  1- 3 |  4- 6 |  7- 9 | 10-12 || total
-------------------------+-------+-------+-------+-------++-------
Melee: Dagger            |     9 |     5 |     1 |       ||    15
       Short sword       |       |       |     9 |   165 ||   174
 Cast: Corona            |     1 |       |       |       ||     1
       Ensorcelled Hiber |       |     1 |     5 |    31 ||    37
       Dazzling Spray    |       |       |       |    38 ||    38
       Confuse           |       |       |       |    16 ||    16
Invok: Shadow Step       |       |       |       |     6 ||     6
Evoke: Wand              |       |       |       |     1 ||     1
  Use: Potion            |     1 |       |       |     3 ||     4
       Scroll            |       |       |       |    11 ||    11
 Stab: Sleeping          |     1 |     4 |     9 |    48 ||    62
       Confused          |       |       |       |     4 ||     4
       Invisible         |       |       |       |     1 ||     1
  Eat: Bread ration      |       |       |       |     1 ||     1
Armor: Robe              |     2 |       |     1 |     3 ||     6
Dodge: Dodged            |     4 |     1 |     4 |    81 ||    90
Block: Other             |       |       |       |     3 ||     3
